 Dungeon Crawl Stone Soup version 0.27-a0-1006-g1fd4cec11e (webtiles) character file.

Game seed: 11109665687182878149

35 scammafunk the Skirmisher (level 3, 0/33 HPs)
             Began as a Minotaur Fighter on Apr 18, 2021.
             Slain by Terence
             ... wielding a +0 hand axe
              (5 damage)
             ... on level 2 of the Dungeon.
             The game lasted 00:01:08 (1008 turns).

scammafunk the Skirmisher (Minotaur Fighter)        Turns: 1008, Time: 00:01:09

Health: 0/33       AC:  7    Str: 21    XL:     3   Next: 17%
Magic:  2/2        EV:  7    Int:  5    God:
Gold:   39         SH:  9    Dex:  9    Spells: 2/2 levels left

rFire    . . .     SeeInvis .   a - +0 trident
rCold    . . .     Faith    .   c - +0 kite shield
rNeg     . . .     Spirit   .   b - +0 scale mail
rPois    .         Reflect  .   (helmet restricted)
rElec    .         Harm     .   (no cloak)
rCorr    .         Rampage  .   (no gloves)
Will     .....                  (no boots)
Stlth    ..........             (no amulet)
HPRegen  0.11/turn              (no ring)
MPRegen  0.08/turn              (no ring)

@: mighty
A: horns 2, retaliatory headbutt
a: no special abilities


You were on level 2 of the Dungeon.
You visited 1 branch of the dungeon, and saw 2 of its levels.

You collected 39 gold pieces.

Inventory:

Hand Weapons
 a - a +0 trident (weapon)
Armour
 b - a +0 scale mail (worn)
 c - a +0 kite shield (worn)
Scrolls
 i - 2 scrolls of identify {unknown}
Potions
 e - 2 potions of haste {unknown}
 f - a potion of magic {unknown}
 g - a potion of attraction {unknown}
 h - a potion of flight {unknown}


   Skills:
 + Level 4.1 Fighting
 + Level 3.0 Polearms
 + Level 4.1 Armour
 + Level 4.1 Shields


You had 2 spell levels left.
You didn't know any spells.
Your spell library was empty.

Dungeon Overview and Level Annotations

Branches:
Dungeon (2/15)

Altars:

Annotations:
D:2 Terence


Innate Abilities, Weirdness & Mutations

You have a pair of horns on your head.
You reflexively headbutt those who attack you in melee.


Message History

You are too injured to fight recklessly!
You are too injured to fight recklessly!
You are too injured to fight recklessly!
You are too injured to fight recklessly!
You are too injured to fight recklessly!
You are too injured to fight recklessly!
You are too injured to fight recklessly!
You are too injured to fight recklessly!
You are too injured to fight recklessly!
You are too injured to fight recklessly!
You are too injured to fight recklessly!
You are too injured to fight recklessly!
You are too injured to fight recklessly!
You are too injured to fight recklessly!
You are too injured to fight recklessly!
You are too injured to fight recklessly!
You closely miss Jessica. You headbutt Jessica!
You kill Jessica!
The bat hits you but does no damage. The bat barely misses you.
The hobgoblin barely misses you.
Your Fighting skill increases to level 4!
Your Polearms skill increases to level 3!
Your Armour skill increases to level 4!
Your Shields skill increases to level 4!
You have reached level 3!
Your experience leads to an increase in your attributes!
Increase (S)trength, (I)ntelligence, or (D)exterity?
You feel stronger.
You closely miss Terence. Your headbutt misses Terence. The bat hits you.
The hobgoblin hits you with a +0 rapier!
* * * LOW HITPOINT WARNING * * *
Terence screams, "I'm going to kill you!"
You block Terence's attack.
The hobgoblin hits you but does no damage.
You block the bat's attack.
You feel very mighty all of a sudden. The bat hits you.
* * * LOW HITPOINT WARNING * * *
Terence hits you with a +0 hand axe.
You die...

...........?...
...........#...#
.................
..?...............
........$..........
...................
.....?g@...........
.......@...........
.###.#)b..........
.....##...†......
.....##....†##.#
..... #.........#
..... #.........#
.... #....(.......
.#?####........##..
##...........# .


You could see Terence, a hobgoblin and a bat.

Vanquished Creatures
  Jessica (D:2)
  A bat (D:1)
  An endoplasm (D:1)
  A giant cockroach (D:2)
  A goblin (D:1)
  A quokka (D:1)
  A ball python (D:1)
  A frilled lizard (D:2)
  A kobold (D:1)
  A rat (D:2)
10 creatures vanquished.

Notes
Turn   | Place    | Note
-------+----------+-------------------------------------------
     0 | D:1      | scammafunk the Minotaur Fighter began the quest for the
                  | Orb.
     0 | D:1      | Reached XP level 1. HP: 19/19 MP: 0/0
   997 | D:2      | Reached XP level 2. HP: 27/27 MP: 1/1
  1000 | D:2      | Noticed Jessica
  1002 | D:2      | Noticed Terence
  1006 | D:2      | Killed Jessica
  1007 | D:2      | Reached XP level 3. HP: 13/33 MP: 2/2
  1008 | D:2      | Slain by Terence

Illustrated notes

Levels and vault maps discovered:
D:1:      nagdon_arrival_double_spiral, layout_basic
D:2:      layout_rooms, serial_shops, shop, kennysheep_generic_room_4,
          uniq_jessica, uniq_terence

Skill      XL: |  1  2 |
---------------+-------+-----
Fighting       | 4 |  4.1
Polearms       | 3 |  3.0
Armour         | 4 |  4.1
Shields        | 4 |  4.1

Action                   || total
-------------------------++-------
Melee: Trident           ||    18
       Headbutt          ||     3
  Use: Potion            ||     1
Armor: Scale mail        ||     3
Dodge: Dodged            ||     8
Block: Kite shield       ||    10

Table legend: (Time is in decaauts)
 A = Elapsed time spent in this place.
 B = Non-inter-level travel time spent in this place.
 C = Inter-level travel time spent in this place.
 D = Time resting spent in this place.
 E = Time spent auto-exploring this place.
 F = Levels seen in this place.
 G = Mean time per level.
                   A        B        C        D        E       F      G
               +--------+--------+--------+--------+--------+-----+--------+
         Total |   1049 |   1018 |     31 |      0 |    962 |   2 |  524.5 |
       Dungeon |   1049 |   1018 |     31 |      0 |    962 |   2 |  524.5 |
               +--------+--------+--------+--------+--------+-----+--------+

Top non-repeatable levels by time:
     D:1: 1023 daAuts
     D:2: 26 daAuts
